3A
COLUMBIA RIVER RATS @ MONROEVILLE YINZERS
07/12/2042
 
TOP OF THE 1ST
Columbia River Rats batting - Pitching for Monroeville Yinzers : RHP Rafael Márquez
Pitching: RHP Rafael Márquez
Batting: RHB Robbie Clark 0-0: Foul Ball, location: 2F
0-1: Ball
1-1: Ball
2-1: Foul Ball, location: 2F
2-2: Foul Ball, location: 2F
2-2: DOUBLE (Line Drive, 9LS, EV 89.4 MPH)
Batting: LHB Al Tanner 0-0: Ball
1-0: DOUBLE (Line Drive, 3D, EV 97.5 MPH)
Robbie Clark scores
Batting: LHB Amani Marwan 0-0: Ball
1-0: Called Strike
1-1: Called Strike
1-2: Foul Ball, location: 2F
1-2: Foul Ball, location: 2F
1-2: Foul Ball, location: 2F
1-2: Ball
2-2: DOUBLE (Flyball, 89XD, EV 92.5 MPH)
Al Tanner scores
Batting: RHB Jim Abare 0-0: Ball
1-0: Ball
2-0: Foul Ball, location: 2F
2-1: Fly out, F8 (Line Drive, 8LM, EV 95.0 MPH)
Batting: LHB Mike Minor 0-0: Called Strike
0-1: Foul Ball, location: 2F
0-2: Strikes out swinging
Batting: RHB Wu-ji Hsia 0-0: Ball
1-0: Called Strike
1-1: Called Strike
1-2: Strikes out swinging
Top of the 1st over - 2 runs, 3 hits, 0 errors, 1 left on base; Columbia 2 - Monroeville 0
BOTTOM OF THE 1ST
Monroeville Yinzers batting - Pitching for Columbia River Rats : LHP Gil Farrell
Pitching: LHP Gil Farrell
Batting: SHB Chong-hun Cho 0-0: Ball
1-0: Ball
2-0: Called Strike
2-1: Ball
3-1: Base on Balls
Batting: RHB Félix Pacheco 0-0: Ball
1-0: Called Strike
1-1: Ball
2-1: Foul Ball, location: 2F
2-2: Strikes out swinging
Batting: LHB Gustavo Gonzáles 0-0: Ball
Chong-hun Cho steals 2nd base
1-0: Ground out 5-3 (Groundball, 56, EV 107.5 MPH)
Batting: RHB Rubén Camacho 0-0: Ball
1-0: Ball
2-0: Ball
3-0: Called Strike
3-1: Foul Ball, location: 2F
3-2: Fly out, F9 (Flyball, 9S, EV 80.0 MPH)
Bottom of the 1st over - 0 runs, 0 hits, 0 errors, 1 left on base; Columbia 2 - Monroeville 0
TOP OF THE 2ND
Columbia River Rats batting - Pitching for Monroeville Yinzers : RHP Rafael Márquez
Batting: RHB Fernando Castro 0-0: Ball
1-0: Ball
2-0: Fly out, F8 (Line Drive, 8LM, EV 90.0 MPH)
Pitching: RHP António Haritos
Batting: RHB Jesús Bonilla 0-0: Called Strike
0-1: SINGLE (Line Drive, 7S, EV 98.1 MPH)
Batting: RHB Bill Lewis 0-0: Called Strike
0-1: Ball
1-1: Called Strike
1-2: Ball
2-2: Fly out, F8 (Flyball, 8RM, EV 79.4 MPH)
Batting: RHB Robbie Clark 0-0: Ball
1-0: Ball
Jesús Bonilla is caught stealing 2nd base 2-4
Top of the 2nd over - 0 runs, 1 hit, 0 errors, 0 left on base; Columbia 2 - Monroeville 0
BOTTOM OF THE 2ND
Monroeville Yinzers batting - Pitching for Columbia River Rats : LHP Gil Farrell
Batting: RHB Dave Hall 0-0: Ball
1-0: Ball
2-0: SINGLE (Line Drive, 9LS, EV 105.0 MPH)
Batting: SHB John Clay 0-0: Called Strike
0-1: DOUBLE (Groundball, 5L, EV 105.0 MPH)
Dave Hall to third
Batting: RHB Mike Sackett 0-0: Ball
1-0: Foul Ball, location: 2F
1-1: Foul Ball, location: 2F
1-2: Foul Ball, location: 2F
1-2: Foul Ball, location: 2F
1-2: Foul Ball, location: 2F
1-2: Foul Ball, location: 2F
1-2: SINGLE (Line Drive, 4D, EV 100.6 MPH)
Dave Hall scores
John Clay to third
Batting: RHB José Calderón 0-0: Ball
1-0: DOUBLE (Line Drive, 9LM, EV 98.1 MPH)
John Clay scores
Mike Sackett to third
Runner from 3rd tries for Home, SAFE, throw by RF to trailing runner, SAFE at third!
Batting: RHB Drake Riley Jr. 0-0: Ball
1-0: Called Strike
1-1: Ball
2-1: Ball
3-1: Base on Balls
Batting: SHB Chong-hun Cho 0-0: Foul Ball, location: 2F
0-1: Foul Ball, location: 2F
0-2: Ball
1-2: Foul Ball, location: 2F
1-2: Ball
2-2: Ball
3-2: Foul Ball, location: 2F
3-2: Grounds into double play, 6-4-3 (Groundball, 6, EV 109.4 MPH)
José Calderón scores
Batting: RHB Félix Pacheco 0-0: Ball
1-0: SINGLE (Groundball, 4MD, EV 105.6 MPH)
Batting: LHB Gustavo Gonzáles 0-0: SINGLE (Groundball, 56S, EV 70.0 MPH) (infield hit)
Félix Pacheco to second
Batting: RHB Rubén Camacho 0-0: Ball
1-0: Foul Ball, location: 2F
1-1: SINGLE (Groundball, 4MD, EV 98.8 MPH)
Félix Pacheco to third
Gustavo Gonzáles to second
Runner from 3rd tries for Home, SAFE, no throw by CF
Batting: RHB Dave Hall 0-0: Ball
1-0: Foul Ball, location: 2F
1-1: Called Strike
1-2: Strikes out looking
Bottom of the 2nd over - 5 runs, 7 hits, 0 errors, 2 left on base; Columbia 2 - Monroeville 5
TOP OF THE 3RD
Columbia River Rats batting - Pitching for Monroeville Yinzers : RHP António Haritos
Batting: RHB Robbie Clark 0-0: Called Strike
0-1: Ground out 1-3 (Groundball, 34S, EV 86.9 MPH)
Batting: LHB Al Tanner 0-0: Fly out, F9 (Flyball, 9LS, EV 76.9 MPH)
Batting: LHB Amani Marwan 0-0: Called Strike
0-1: Ball
1-1: Ground out U3 (Groundball, 3, EV 80.6 MPH)
Top of the 3rd over - 0 runs, 0 hits, 0 errors, 0 left on base; Columbia 2 - Monroeville 5
BOTTOM OF THE 3RD
Monroeville Yinzers batting - Pitching for Columbia River Rats : LHP Gil Farrell
Batting: SHB John Clay 0-0: SINGLE (Line Drive, 4D, EV 104.4 MPH)
Batting: RHB Mike Sackett 0-0: Called Strike
0-1: Ball
1-1: Ball
Wild Pitch!
John Clay to second
2-1: 2-RUN HOME RUN (Flyball, 78XD, EV 103.1 MPH), Distance : 422 ft
Pitching: RHP Juan Salinas
Batting: RHB José Calderón 0-0: Fly out, F4 (Popup, 3S, EV 85.6 MPH)
Batting: RHB Drake Riley Jr. 0-0: Ball
1-0: Ball
2-0: Called Strike
2-1: Foul Ball, location: 2F
2-2: Ball
3-2: Foul Ball, location: 2F
3-2: Foul Ball, location: 2F
3-2: Foul Ball, location: 2F
3-2: Strikes out looking
Batting: SHB Chong-hun Cho 0-0: Ball
1-0: Swinging Strike
1-1: Ball
2-1: Ground out 6-3 (Groundball, 6MS, EV 86.2 MPH)
Bottom of the 3rd over - 2 runs, 2 hits, 0 errors, 0 left on base; Columbia 2 - Monroeville 7
TOP OF THE 4TH
Columbia River Rats batting - Pitching for Monroeville Yinzers : RHP António Haritos
Batting: RHB Jim Abare 0-0: Fly out, F3 (Popup, 3SF, EV 70.0 MPH)
Batting: LHB Mike Minor 0-0: Called Strike
0-1: Swinging Strike
0-2: Ground out 4-3 (Groundball, 34D, EV 81.2 MPH)
Batting: RHB Wu-ji Hsia 0-0: Ball
1-0: Ball
2-0: Ball
3-0: Called Strike
3-1: Fly out, F5 (Line Drive, 5, EV 66.2 MPH)
Top of the 4th over - 0 runs, 0 hits, 0 errors, 0 left on base; Columbia 2 - Monroeville 7
BOTTOM OF THE 4TH
Monroeville Yinzers batting - Pitching for Columbia River Rats : RHP Juan Salinas
Batting: RHB Félix Pacheco 0-0: Swinging Strike
0-1: Ball
1-1: Called Strike
1-2: Foul Ball, location: 2F
1-2: Ball
2-2: Ball
3-2: Foul Ball, location: 2F
3-2: Base on Balls
Batting: LHB Gustavo Gonzáles 0-0: Foul Ball, location: 2F
0-1: Foul Ball, location: 2F
0-2: Fly out, F7 (Flyball, 7, EV 80.6 MPH)
Batting: RHB Rubén Camacho 0-0: Ball
1-0: Ball
2-0: Foul Ball, location: 2F
2-1: Ball
3-1: Fly out, F2 (Popup, 23F, EV 84.4 MPH)
Batting: RHB Dave Hall 0-0: Ball
1-0: Fly out, F8 (Flyball, 8RXD, EV 106.2 MPH)
Bottom of the 4th over - 0 runs, 0 hits, 0 errors, 1 left on base; Columbia 2 - Monroeville 7
TOP OF THE 5TH
Columbia River Rats batting - Pitching for Monroeville Yinzers : RHP António Haritos
Batting: RHB Fernando Castro 0-0: Ball
1-0: Ball
2-0: Called Strike
2-1: Swinging Strike
2-2: Ball
3-2: Base on Balls
Batting: RHB Jesús Bonilla 0-0: Foul Ball, location: 2F
0-1: Ball
1-1: Ball
2-1: Called Strike
2-2: DOUBLE (Line Drive, 7LM, EV 101.9 MPH)
Fernando Castro to third
Batting: RHB Bill Lewis 0-0: Swinging Strike
0-1: Ball
1-1: Foul Ball, location: 2F
1-2: Foul Ball, location: 2F
1-2: Strikes out swinging
Batting: RHB Robbie Clark 0-0: Swinging Strike
0-1: Foul Ball, location: 2F
0-2: Strikes out looking
Batting: LHB Al Tanner 0-0: Called Strike
0-1: Ball
1-1: Foul Ball, location: 2F
1-2: Ball
2-2: Ground out 4-3 (Groundball, 4, EV 80.0 MPH)
Top of the 5th over - 0 runs, 1 hit, 0 errors, 2 left on base; Columbia 2 - Monroeville 7
BOTTOM OF THE 5TH
Monroeville Yinzers batting - Pitching for Columbia River Rats : RHP Juan Salinas
Batting: SHB John Clay 0-0: Ball
1-0: Ball
2-0: Foul Ball, location: 2F
2-1: Foul Ball, location: 2F
2-2: Ball
3-2: Ground out 3-1 (Groundball, 34, EV 85.6 MPH)
Batting: RHB Mike Sackett 0-0: Ball
1-0: Foul Ball, location: 2F
1-1: Swinging Strike
1-2: Strikes out looking
Batting: RHB José Calderón 0-0: Ball
1-0: Ball
2-0: Ball
3-0: Called Strike
3-1: Base on Balls
Batting: RHB Drake Riley Jr. 0-0: Ball
1-0: Ball
2-0: Fly out, F7 (Flyball, 7LM, EV 96.9 MPH)
Bottom of the 5th over - 0 runs, 0 hits, 0 errors, 1 left on base; Columbia 2 - Monroeville 7
TOP OF THE 6TH
Columbia River Rats batting - Pitching for Monroeville Yinzers : RHP António Haritos
Batting: LHB Amani Marwan 0-0: Ground out 4-3 (Groundball, 4, EV 105.6 MPH)
Batting: RHB Jim Abare 0-0: Ball
1-0: Fly out, F8 (Flyball, 8LD, EV 86.2 MPH)
Batting: LHB Mike Minor 0-0: Ball
1-0: Called Strike
1-1: Foul Ball, location: 2F
1-2: Ball
2-2: Fly out, F7 (Flyball, 7S, EV 80.6 MPH)
Top of the 6th over - 0 runs, 0 hits, 0 errors, 0 left on base; Columbia 2 - Monroeville 7
BOTTOM OF THE 6TH
Monroeville Yinzers batting - Pitching for Columbia River Rats : RHP Juan Salinas
Batting: SHB Chong-hun Cho 0-0: Ball
1-0: Swinging Strike
1-1: Ball
2-1: Swinging Strike
2-2: Strikes out swinging
Batting: RHB Félix Pacheco 0-0: Ball
1-0: Called Strike
1-1: Ball
2-1: Swinging Strike
2-2: Ground out 2-3 (Groundball, 2L, EV 65.6 MPH)
Batting: LHB Gustavo Gonzáles 0-0: Called Strike
0-1: Ball
1-1: Foul Ball, location: 2F
1-2: DOUBLE (Line Drive, 9LM, EV 93.8 MPH)
Pitching: RHP Rijk Blok
Batting: RHB Rubén Camacho 0-0: Called Strike
0-1: Foul Ball, location: 2F
0-2: Strikes out swinging
Bottom of the 6th over - 0 runs, 1 hit, 0 errors, 1 left on base; Columbia 2 - Monroeville 7
TOP OF THE 7TH
Columbia River Rats batting - Pitching for Monroeville Yinzers : RHP António Haritos
Batting: RHB Wu-ji Hsia 0-0: Called Strike
0-1: Fly out, F8 (Line Drive, 8RM, EV 106.2 MPH)
Batting: RHB Fernando Castro 0-0: Foul Ball, location: 2F
0-1: Ball
1-1: Called Strike
1-2: Foul Ball, location: 2F
1-2: Foul Ball, location: 2F
1-2: Fly out, F9 (Line Drive, 9, EV 85.0 MPH)
Batting: RHB Jesús Bonilla 0-0: Called Strike
0-1: Ball
1-1: SINGLE (Groundball, 6MD, EV 96.9 MPH)
Pitching: RHP Jeff Haley
Batting: RHB Bill Lewis 0-0: Ball
1-0: Fielders Choice at 2nd, 6-4 (Groundball, 6, EV 85.0 MPH)
Top of the 7th over - 0 runs, 1 hit, 0 errors, 1 left on base; Columbia 2 - Monroeville 7
BOTTOM OF THE 7TH
Monroeville Yinzers batting - Pitching for Columbia River Rats : RHP Rijk Blok
Batting: RHB Dave Hall 0-0: Ball
1-0: Ball
2-0: Ball
3-0: Called Strike
3-1: Base on Balls
Batting: SHB John Clay 0-0: Foul Ball, location: 2F
0-1: Swinging Strike
0-2: Foul Ball, location: 2F
0-2: Strikes out looking
Batting: RHB Mike Sackett 0-0: Ball
1-0: Foul Ball, location: 2F
1-1: Ball
2-1: Ball
3-1: Base on Balls
Dave Hall to second
Batting: RHB José Calderón 0-0: Ball
1-0: Ball
2-0: Called Strike
2-1: SINGLE (Line Drive, 34D, EV 96.9 MPH)
Dave Hall to third
Mike Sackett to second
Batting: RHB Drake Riley Jr. 0-0: Called Strike
0-1: Fly out, F9 (Flyball, 9S, EV 73.1 MPH)
Batting: SHB Chong-hun Cho 0-0: Ball
1-0: Swinging Strike
1-1: Called Strike
1-2: Strikes out swinging
Bottom of the 7th over - 0 runs, 1 hit, 0 errors, 3 left on base; Columbia 2 - Monroeville 7
TOP OF THE 8TH
Columbia River Rats batting - Pitching for Monroeville Yinzers : RHP Jeff Haley
Batting: RHB Robbie Clark 0-0: Called Strike
0-1: Ground out 6-3 (Groundball, 56, EV 98.8 MPH)
Batting: LHB Al Tanner 0-0: Ball
1-0: Ball
2-0: SINGLE (Groundball, 34D, EV 100.6 MPH)
Batting: LHB Amani Marwan 0-0: Ball
1-0: Called Strike
1-1: Ball
2-1: Ball
3-1: Fly out, F9 (Flyball, 89M, EV 87.5 MPH)
Batting: RHB Jim Abare 0-0: Ball
1-0: Ball
2-0: Fly out, F5 (Line Drive, 5, EV 64.4 MPH)
Top of the 8th over - 0 runs, 1 hit, 0 errors, 1 left on base; Columbia 2 - Monroeville 7
BOTTOM OF THE 8TH
Monroeville Yinzers batting - Pitching for Columbia River Rats : RHP Rijk Blok
Batting: RHB Félix Pacheco 0-0: Called Strike
0-1: Ball
1-1: Ball
2-1: SINGLE (Groundball, 6MD, EV 94.4 MPH)
Batting: LHB Gustavo Gonzáles 0-0: Foul Ball, location: 2F
0-1: Fielders Choice at 2nd, 4-6 (Groundball, 4M, EV 84.4 MPH)
Batting: RHB Rubén Camacho 0-0: Called Strike
0-1: SINGLE (Flyball, 8RS, EV 89.4 MPH)
Gustavo Gonzáles to second
Pitching: RHP Tony Figueroa
Batting: RHB Dave Hall 0-0: Swinging Strike
0-1: Called Strike
0-2: Ball
1-2: Ball
2-2: Strikes out looking
Batting: SHB John Clay 0-0: Ball
1-0: DOUBLE (Line Drive, 7LS, EV 105.0 MPH)
Gustavo Gonzáles scores
Rubén Camacho to third
Runner from 3rd tries for Home, SAFE, no throw by LF
Batting: RHB Mike Sackett 0-0: Ball
1-0: Foul Ball, location: 2F
1-1: SINGLE (Line Drive, 5D, EV 98.1 MPH)
John Clay to third
Runner from 3rd tries for Home, SAFE, no throw by LF
Batting: RHB José Calderón 0-0: Ball
1-0: Swinging Strike
1-1: Ball
2-1: Foul Ball, location: 2F
2-2: Strikes out swinging
Bottom of the 8th over - 3 runs, 4 hits, 0 errors, 1 left on base; Columbia 2 - Monroeville 10
TOP OF THE 9TH
Columbia River Rats batting - Pitching for Monroeville Yinzers : RHP Jeff Haley
Batting: LHB Mike Minor 0-0: Ball
1-0: Swinging Strike
1-1: Ball
2-1: SINGLE (Groundball, 3D, EV 95.6 MPH)
Batting: RHB Wu-ji Hsia 0-0: Ball
1-0: Called Strike
1-1: Ball
2-1: Swinging Strike
2-2: Ball
3-2: SINGLE (Line Drive, 89S, EV 111.9 MPH)
Mike Minor to second
Batting: RHB Fernando Castro 0-0: Called Strike
0-1: Ball
1-1: Called Strike
1-2: Fielders Choice at 2nd, 3-6 (Groundball, 34, EV 104.4 MPH)
Mike Minor to third
Pitching: LHP Jasper In de Boomgaert
Batting: RHB Jesús Bonilla 0-0: Foul Ball, location: 2F
0-1: Ball
1-1: Fly out, F4 (Popup, 4, EV 52.5 MPH)
Batting: RHB Bill Lewis 0-0: Fielders Choice at 2nd, 5-4 (Groundball, 5, EV 75.0 MPH)
Top of the 9th over - 0 runs, 2 hits, 0 errors, 2 left on base; Columbia 2 - Monroeville 10
Friday, March 26th, 2021 - OOTP Baseball 20.8 Build 74